 Dungeon Crawl Stone Soup version 0.28.0 (webtiles) character file.

Game seed: 6915430984742496072

30 DrunkBamboolord the Grave Robber (level 3, 0/19 HPs)
             Began as a Deep Elf Necromancer on Feb 7, 2022.
             Slain by an adder skeleton (2 damage)
             ... on level 2 of the Dungeon.
             The game lasted 00:02:49 (1364 turns).

DrunkBamboolord the Grave Robber (DENe)             Turns: 1364, Time: 00:02:50

Health: 0/19       AC:  3    Str:  5    XL:     3   Next: 3%
Magic:  9/10       EV: 12    Int: 21    God:
Gold:   47         SH:  0    Dex: 15    Spells: 4/9 levels left

rFire   . . .      SeeInvis .   (no weapon)
rCold   . . .      Faith    .   (no shield)
rNeg    . . .      Spirit   .   a - +0 robe
rPois   .          Reflect  .   (no helmet)
rElec   .          Harm     .   (no cloak)
rCorr   .          Rampage  .   c - +0 pair of gloves
Will    .....                   (no boots)
Stlth   ++........              (no amulet)
HPRegen 0.06/turn               (no ring)
MPRegen 0.12/turn               (no ring)

@: no status effects
A: no striking features
a: no special abilities


You were on level 2 of the Dungeon.
You visited 1 branch of the dungeon, and saw 2 of its levels.

You collected 73 gold pieces.
You spent 26 gold pieces at shops.

Inventory:

Armour
 a - a +0 robe (worn)
 c - a +0 pair of gloves (worn)
Scrolls
 e - a scroll of blinking {unknown}
Potions
 b - 2 potions of curing
 d - a potion of degeneration {unknown}


   Skills:
 * Level 2.5 Dodging
 + Level 2.4 Stealth
 * Level 3.6 Spellcasting
 * Level 5.7 Necromancy


You had 4 spell levels left.
You knew the following spells:

 Your Spells              Type           Power      Damage    Failure   Level
a - Pain                  Necr           100%       1d9       1%          1
b - Animate Skeleton      Necr           54%        N/A       1%          1
c - Vampiric Draining     Necr           27%        2d7       3%          3

Your spell library contained the following spells:

 Spells                   Type           Power      Damage    Failure   Level
 Animate Dead             Necr           13%        N/A       12%         4
 Agony                    Necr           27%        N/A       32%         5


Dungeon Overview and Level Annotations

Branches:
Dungeon (2/15)

Altars:

Shops:
D:1 *


Message History

Your frilled lizard skeleton closely misses the adder skeleton.
You closely miss the adder skeleton.
The adder skeleton is severely damaged.
The adder skeleton bites you.
Your frilled lizard skeleton barely misses the adder skeleton.
The adder skeleton completely misses you.
You barely miss the adder skeleton. You punch the adder skeleton.
The adder skeleton is severely damaged.
Your frilled lizard skeleton crumbles into dust!
The adder skeleton bites you.
You hit the adder skeleton but do no damage.
The adder skeleton is severely damaged.
The adder skeleton misses you.
You hit the adder skeleton but do no damage.
The adder skeleton is severely damaged.
The adder skeleton closely misses you. The adder skeleton barely misses you.
You closely miss the adder skeleton.
The adder skeleton is severely damaged.
The adder skeleton barely misses you.
You barely miss the adder skeleton.
The adder skeleton is severely damaged.
The adder skeleton bites you.
* * * LOW HITPOINT WARNING * * *
You barely miss the adder skeleton. Your punch misses the adder skeleton.
The adder skeleton is severely damaged.
The adder skeleton barely misses you.
You hit the adder skeleton but do no damage.
The adder skeleton is severely damaged.
The adder skeleton bites you but does no damage.
You hit the adder skeleton but do no damage.
The adder skeleton is severely damaged.
The adder skeleton bites you.
* * * LOW HITPOINT WARNING * * *
You barely miss the adder skeleton.
The adder skeleton is severely damaged.
The adder skeleton bites you.
* * * LOW HITPOINT WARNING * * *
The adder skeleton bites you.
You die...

#.# #.......
#.###.......
####
#..##.#)....
#..#
####........##
#.>#
#........####
#..###.####..##
#..#...# #.##
####....######.#
##....@###
#...## #....Z.#
#....# #..#.###
##....# .......
#.....######
...##..
#..#.........
.## #..
....#..........
#.#
......#........
..
.##............
#.
#..###.....)..


You could see an adder skeleton.

Vanquished Creatures
  A dart slug (D:1)
  An endoplasm (D:1)
  A giant cockroach (D:2)
  5 goblins
  5 hobgoblins
  A quokka (D:1)
  2 ball pythons (D:2)
  2 bats
  3 frilled lizards
  A kobold (D:2)
  4 rats
26 creatures vanquished.

Notes
Turn   | Place    | Note
-------+----------+-------------------------------------------
     0 | D:1      | DrunkBamboolord the Deep Elf Necromancer began the quest
                  | for the Orb.
     0 | D:1      | Reached XP level 1. HP: 10/10 MP: 6/6
     2 | D:1      | Learned a level 1 spell: Animate Skeleton
    72 | D:1      | Reached skill level 5 in Necromancy
   412 | D:1      | Reached XP level 2. HP: 14/15 MP: 6/8
   445 | D:1      | Found Nerrui's General Store.
   517 | D:1      | Bought a scroll of identify for 26 gold pieces
  1218 | D:2      | Reached XP level 3. HP: 18/19 MP: 8/10
  1308 | D:2      | Learned a level 3 spell: Vampiric Draining
  1364 | D:2      | Slain by an adder skeleton

Illustrated notes

Levels and vault maps discovered:
D:1:      sevenhm_arrival_forest_fort_large_2, layout_rooms, serial_shops,
          shop_fountains
D:2:      layout_rooms

Skill      XL: |  1 |
---------------+----+-----
Necromancy     | 5 |  5.7
Dodging        | |  2.5
Stealth        | |  2.4
Spellcasting   | |  3.6

Action                   || total
-------------------------++-------
Melee: Unarmed           ||    15
       Punch             ||     1
 Cast: Pain              ||    36
       Animate Skeleton  ||     2
       Vampiric Draining ||     1
  Use: Scroll            ||     2
Armor: Robe              ||     2
Dodge: Dodged            ||    11
